 Dungeon Crawl Stone Soup version 0.30-a0-613-gdd512c7efb (webtiles) character file.

Game seed: 15018292204105417781

1 jfcaron the Sneak (level 1, -2/19 HPs)
             Began as a Hill Orc Delver on Jan 8, 2023.
             Killed by divine providence
             ... invoked by an orc priest
              (15 damage)
             ... on level 5 of the Dungeon.
             The game lasted 00:00:21 (50 turns).

jfcaron the Sneak (Hill Orc Delver)                   Turns: 50, Time: 00:00:22

Health: -2/19      AC:  3    Str: 14    XL:     1   Next: 20%
Magic:  1/1        EV: 11    Int: 10    God:
Gold:   0          SH:  0    Dex: 12    Spells: 0/0 levels left

rFire   . . .      SeeInvis .    a - +0 hand axe
rCold   . . .      Faith    .    (no shield)
rNeg    . . .      Spirit   .    b - +0 leather armour
rPois   .          Reflect  .    (no helmet)
rElec   .          Harm     .    (no cloak)
rCorr   .          Rampage  .    (no gloves)
Will    .....                    (no boots)
Stlth   ++                       (no amulet)
HPRegen 0.23/turn                (no ring)
MPRegen 0.07/turn                (no ring)

@: no status effects
A: no striking features
a: Convert to Beogh


You were on level 5 of the Dungeon.
You visited 1 branch of the dungeon, and saw 2 of its levels.

Inventory:

Hand Weapons
 a - a +0 hand axe (weapon)
Armour
 b - a +0 leather armour (worn)
Wands
 g - a wand of digging (3)
Scrolls
 c - a scroll of fog
 d - a scroll of magic mapping
 e - a scroll of fear
Potions
 f - a potion of haste


   Skills:
 + Level 3.6 Fighting
 + Level 2.7 Axes
 + Level 1.5 Dodging
 * Level 4.1 Stealth


You couldn't memorise any spells.
You didn't know any spells.
Your spell library was empty.

Dungeon Overview and Level Annotations

Branches:
Dungeon (5/15)
 Temple: D:4-7

Altars:


Message History

The goblin attacks as you move away! The goblin barely misses you.
There is a stone staircase leading down here.
You closely miss the goblin. The goblin barely misses you.
The goblin hits you with a +0 club.
You climb downwards.
There is a stone staircase leading up here.
You barely miss the goblin. The goblin hits you with a +0 club.
You hit the goblin.
The goblin is almost dead.
The goblin hits you but does no damage.
You slash the goblin!
You kill the goblin!
No target in view!
You start resting.
HP restored.
Things that are here:
a +0 club; a goblin corpse
There is a stone staircase leading up here.
You climb upwards.
The orc hits you with a +0 flail.
The orc priest threatens, "By the altar or by the axe, you will meet Beogh!" (press Y on the ability menu to convert to Beogh)
There is a stone staircase leading down here.
The orc priest hits you with a +2 flail of protection.
The orc hits you but does no damage.
You climb downwards.
There is a stone staircase leading up here.
You hit the orc priest but do no damage.
You hit the orc.
The orc priest threatens, "By the altar or by the axe, you will meet Beogh!"
The orc barely misses you.
The orc priest hits you with a +2 flail of protection.
The orc priest threatens, "By the altar or by the axe, you will meet Beogh!"
You hit the orc priest.
The orc priest is lightly wounded.
You barely miss the orc. The orc priest closely misses you.
The orc barely misses you. The orc closely misses you.
The orc priest calls down the wrath of Beogh upon you.
Beogh smites you!
Ouch! That really hurt!
You die...

### ...#
####>###..#
##.........# #
#...........###.#
##.####.#.......#
#...........##.#
#####.#....#
#..o##.# ####@#.#
#o# # #.# #.. ###


You could see an orc priest and an orc.

Vanquished Creatures
  A goblin (D:5)
1 creature vanquished.

Notes
Turn   | Place    | Note
-------+----------+-------------------------------------------
     0 | D:5      | jfcaron the Hill Orc Delver began the quest for the Orb.
     0 | D:5      | Reached XP level 1. HP: 19/19 MP: 1/1
    12 | D:4      | Noticed an orc priest
    50 | D:5      | Killed from afar by an orc priest

Illustrated notes

Levels and vault maps discovered:
D:4:      layout_basic, mainiacjoe_overflow_catch_the_wave, uniq_blork_the_orc
D:5:      nicolae_cairo_tiling_very_big, layout_basic, minmay_temple_entry_glass

Action                   || total
-------------------------++-------
Melee: Hand axe          ||     6
Armor: Leather armour    ||     3
Dodge: Dodged            ||     6

Table legend: (Time is in decaauts)
 A = Elapsed time spent in this place.
 B = Non-inter-level travel time spent in this place.
 C = Inter-level travel time spent in this place.
 D = Time resting spent in this place.
 E = Time spent auto-exploring this place.
 F = Levels seen in this place.
 G = Mean time per level.
                   A        B        C        D        E       F      G
               +--------+--------+--------+--------+--------+-----+--------+
         Total |     52 |     46 |      6 |     21 |      1 |   2 |   26.0 |
       Dungeon |     52 |     46 |      6 |     21 |      1 |   2 |   26.0 |
               +--------+--------+--------+--------+--------+-----+--------+

Top non-repeatable levels by time:
     D:5: 40 daAuts
     D:4: 11 daAuts

Table legend:
 A = Kills in this place as a percentage of kills in entire the game.
 B = Kills by you in this place as a percentage of kills by you in the entire game.
 C = Kills by friends in this place as a percentage of kills by friends in the entire game.
 D = Other kills in this place as a percentage of other kills in the entire game.
 E = Experience gained in this place as a percentage of experience gained in the entire game.
 F = Experience gained in this place divided by the number of levels of this place that you have seen.
                   A       B       C       D       E      F
               +-------+-------+-------+-------+-------+----------------------
         Total | 100.0 | 100.0 |   N/A |   N/A | 100.0 |   1.0
       Dungeon | 100.0 | 100.0 |   N/A |   N/A | 100.0 |   1.0
               +-------+-------+-------+-------+-------+----------------------
